 Dungeon Crawl Stone Soup version 0.31-a0-210-gccc998df9b (webtiles) character file.

Game seed: 3796660015148252861

188380 pokeman the Sorcerer (level 17, -7/97 HPs)
             Began as a Deep Elf Hedge Wizard on June 30, 2023.
             Was the Champion of Vehumet.
             Mangled by an alligator snapping turtle (31 damage)
             ... on level 4 of the Shoals.
             The game lasted 01:59:59 (38873 turns).

pokeman the Sorcerer (Deep Elf Hedge Wizard)       Turns: 38873, Time: 01:59:59

Health: -7/97      AC: 17    Str:  7    XL:     17   Next: 91%
Magic:  7/47       EV: 10    Int: 28    God:    Vehumet [******]
Gold:   2941       SH:  5    Dex: 14    Spells: 16/65 levels left

rFire   + . .        a - +0 demon whip (venom)
rCold   x . .        (no shield)
rNeg    . . .        h - +2 ring mail of Keng {Will+ SInv}
rPois   .            e - +2 hat
rElec   .            B - scarf {repulsion}
rCorr   .            R - +0 pair of gloves {Stlth+}
SInv    +            V - +0 pair of boots {Fly}
Will    ++...        I - amulet of reflection
Stlth   +++          t - ring of fire
HPRegen 0.36/turn    C - +4 ring of protection
MPRegen 0.30/turn

%: repel missiles, reflection
@: flying
A: no striking features
a: Renounce Religion


You were on level 4 of the Shoals.
You worshipped Vehumet.
Vehumet was exalted by your worship.
You visited 5 branches of the dungeon, and saw 27 of its levels.
You also visited: Sewer, Ossuary and Gauntlet.

You collected 3475 gold pieces.
You spent 534 gold pieces at shops.

Inventory:

Hand Weapons
 a - a +0 demon whip of venom (weapon)
 m - the +9 great sword "Corifur" {flame, rElec Str-4 Dex+4 SInv}
   (You found it on level 15 of the Dungeon)

   Str:       It affects your strength (-4).
   Dex:       It affects your dexterity (+4).
   rElec:     It insulates you from electricity.
   SInv:      It lets you see invisible.
 q - the +9 whip "Ultimatum" {heavy, rC+ Will+}
   (You took it off a merfolk aquamancer on level 2 of the Shoals)

   rC:        It protects you from cold.
   Will:      It increases your willpower.
Missiles
 E - 7 throwing nets
 P - 12 curare-tipped darts
Armour
 e - a +2 hat (worn)
 g - a +2 robe of fire resistance
 h - the +2 ring mail of Keng (worn) {Will+ SInv}
   (You found it on level 13 of the Dungeon)

   SInv:      It lets you see invisible.
   Will:      It increases your willpower.
 B - a scarf of repulsion (worn)
 R - a +0 pair of gloves of stealth (worn)
 V - a +0 pair of boots of flying (worn)
Jewellery
 j - a ring of ice
 t - a ring of fire (left hand)
 C - a +4 ring of protection (right hand)
 D - a +6 ring of strength
 I - an amulet of reflection (around neck)
 W - the amulet "Povon" {rPois Regen+}
   (You found it in a Gauntlet)

   [amulet of regeneration]

   rPois:     It protects you from poison.
   Regen:     It increases your rate of health regeneration.
Wands
 b - a wand of charming (7)
 c - a wand of flame (12)
 k - a wand of roots (11)
 p - a wand of polymorph (4)
 s - a wand of acid (10)
 S - a wand of digging (2)
Scrolls
 f - 7 scrolls of blinking
 l - 2 scrolls of amnesia
 n - 13 scrolls of teleportation
 w - 5 scrolls of revelation
 y - a scroll of poison
 G - 5 scrolls of fear {unknown}
 J - 4 scrolls of fog {unknown}
 Q - 5 scrolls of vulnerability {unknown}
Potions
 d - 3 potions of magic
 i - a potion of might
 o - a potion of brilliance
 r - 17 potions of curing
 u - 2 potions of berserk rage {unknown}
 v - 3 potions of haste
 x - a potion of cancellation
 z - 11 potions of heal wounds
 A - a potion of enlightenment
 H - 3 potions of invisibility
 K - 3 potions of lignification {unknown}
 L - a potion of mutation
 U - 2 potions of ambrosia {unknown}
Miscellaneous
 F - a phantom mirror


   Skills:
 - Level 8.0 Fighting
 + Level 8.9 Armour
 - Level 3.1 Dodging
 - Level 3.2 Stealth
 * Level 24.8 Spellcasting
 + Level 15.3 Conjurations
 - Level 1.1 Summonings
 - Level 1.1 Translocations
 + Level 14.2 Fire Magic
 - Level 8.0 Ice Magic
 - Level 1.0 Air Magic
 - Level 12.0 Earth Magic
 - Level 1.0 Poison Magic
 - Level 1.0 Evocations


You had 16 spell levels left.
You knew the following spells:

 Your Spells              Type           Power      Damage    Failure   Level
a - Magic Dart            Conj           100%       1d8       0%          1
b - Mephitic Cloud        Conj/Pois/Air  61%        N/A       1%          3
c - Call Imp              Summ           80%        N/A       2%          2
d - Blink                 Tloc           80%        N/A       2%          2
e - Fireball              Conj/Fire      54%        3d21      1%          5
f - Freezing Cloud        Conj/Ice/Air   34%        6-21      1%          5
g - Irradiate             Conj/Tmut      33%        3d22      1%          5
h - Leda's Unmaking       Conj/Erth      42%        9d7       1%          6
i - Lee's Rapid Deconstr  Erth           40%        3d20*     1%          5
j - Foxfire               Conj/Fire      100%       2x1d9     0%          1
k - Plasma Beam           Fire/Air       43%        2x1d57    4%          6
l - Ignition              Fire           53%        3d15      12%         8

Your spell library contained the following spells:

 Spells                   Type           Power      Damage    Failure   Level
 Fire Storm               Conj/Fire      54%        8d14      77%         9
 Shatter                  Erth           40%        3d31*     98%         9
 Polar Vortex             Ice            34%        N/A       100%        9
 Freeze                   Ice            100%       1d10      1%          1
 Poisonous Vapours        Pois/Air       80%        N/A       1%          2
 Dazzling Flash           Conj/Hex       100%       N/A       1%          3
 Frozen Ramparts          Ice            100%       1d16      1%          3
 Hailstorm                Conj/Ice       79%        3d16      1%          3
 Ignite Poison            Fire/Tmut/Pois 76%        N/A       1%          3
 Stone Arrow              Conj/Erth      100%       3d13      1%          3
 Slow                     Hex            100%       N/A       2%          1
 Cigotuvi's Dreadful Rot  Necr/Pois/Air  76%        N/A       2%          2
 Lesser Beckoning         Tloc           80%        N/A       2%          2
 Summon Ice Beast         Ice/Summ       57%        N/A       3%          4
 Gell's Gravitas          Tloc           40%        N/A       4%          3
 Teleport Other           Tloc           40%        N/A       4%          3
 Confusing Touch          Hex            34%        N/A       7%          3
 Vampiric Draining        Necr           34%        2d8       7%          3
 Lehudib's Crystal Spear  Conj/Erth      42%        10d10     16%         8
 Anguish                  Hex/Necr       17%        N/A       24%         4
 Animate Dead             Necr           34%        N/A       24%         4
 Cause Fear               Hex            17%        N/A       24%         4
 Summon Mana Viper        Hex/Summ       37%        N/A       45%         5
 Silence                  Hex/Air        18%        N/A       47%         5
 Agony                    Necr           34%        N/A       54%         5
 Blade Hands              Tmut           17%        N/A       54%         5
 Dragon Form              Tmut           17%        N/A       100%        7
 Enfeeble                 Hex            17%        N/A       100%        7
 Haunt                    Necr/Summ      18%        N/A       100%        7
 Monstrous Menagerie      Summ           20%        N/A       100%        7
 Storm Form               Tmut/Air       18%        N/A       100%        7
 Infestation              Necr           17%        N/A       100%        8
 Maxwell's Capacitive Co  Air            20%        ∞         100%        8


Dungeon Overview and Level Annotations

Branches:
Dungeon (15/15)            Temple (1/1) D:4            Lair (5/5) D:8
 Shoals (4/4) Lair:3       Spider (0/4) Lair:2        Slime (0/5) Lair:5
    Orc (2/2) D:11            Elf (0/3) Orc:2        Vaults (0/5) D:14
 Depths (0/4) D:15          Sewer (visited)         Ossuary (visited)
Gauntlet (visited)

Altars:
Ashenzari
Cheibriados
Dithmenos
Elyvilon
Fedhas
Gozag
Hepliaklqana
Kikubaaqudgha
Makhleb
Nemelex Xobeh
Okawaru
Qazlal
Ru
Sif Muna
Trog
Uskayaw
Vehumet
Wu Jian
Xom
Yredelemnul
Zin
The Shining One

Shops:
D:4 *   D:15 (   Orc:1 **(([!(   Orc:2 ==([   Shoals:1 =*

Portals:
Trove: D:11 (show slimy rune of Zot)

Annotations:
D:9 1 runed translucent door, ragingrage's ghost, novice TrTm
Shoals:1 2 transporters, pokeman's ghost, journeyman DEHW


Message History

The merfolk javelineer is severely wounded.
The merfolk javelineer is engulfed in a cloud of scalding steam.
The merfolk javelineer throws a silver javelin.
The silver javelin barely misses you.
Casting: Fireball (safe; 1% risk of failure)
Confirm with . or Enter, or press ? or * to list all spells.
Aiming: Fireball (safe; 1% risk of failure)
Press: ? - help, Shift-Dir - straight line You feel a surge of power!
The fireball explodes!
Vehumet accepts your kill.
You feel your power returning.
You hear a splash. x3
You feel a bit more experienced.
Casting: Fireball (safe; 1% risk of failure)
Confirm with . or Enter, or press ? or * to list all spells.
Aiming: Leda's Unmaking (dangerous; 1% risk of failure)
Press: ? - help, Shift-Dir - straight line, f - alligator snapping turtle
Aim: an alligator snapping turtle (100% to hit)
The entropic shot hits the alligator snapping turtle!!!
The alligator snapping turtle is moderately wounded.
Unknown command.
Casting: Leda's Unmaking (dangerous; 1% risk of failure)
Confirm with . or Enter, or press ? or * to list all spells.
Aiming: Leda's Unmaking (dangerous; 1% risk of failure)
Press: ? - help, Shift-Dir - straight line, f/p - alligator snapping turtle
Aim: an alligator snapping turtle (moderately wounded, 100% to hit)
The entropic shot hits the alligator snapping turtle!!
The alligator snapping turtle is heavily wounded.
Unknown command.
Casting: Leda's Unmaking (dangerous; 1% risk of failure)
Confirm with . or Enter, or press ? or * to list all spells.
Aiming: Leda's Unmaking (dangerous; 1% risk of failure)
Press: ? - help, Shift-Dir - straight line, f/p - alligator snapping turtle
Aim: an alligator snapping turtle (heavily wounded, 100% to hit)
The entropic shot hits the alligator snapping turtle!!
The alligator snapping turtle is severely wounded.
The alligator snapping turtle bites you from afar!!
* * * LOW HITPOINT WARNING * * *
The alligator snapping turtle bites you from afar!!
You die...

≈~~~.##......~..#.....###~~~≈≈≈≈≈
≈~~~~...#..(....#'§§##.#~~(~≈≈≈≈≈
≈~~~~~~~~~~~....#))§§~~~~~~~≈≈≈≈≈
≈~~~~~......##(..~§.§..~~~~~≈≈≈≈≈
≈~~~~~...)...#.).......~~~~~≈≈≈≈≈
≈~~~~..............)<...~~~~≈≈≈≈≈
≈~~~~...##....).).t##...~~~~≈≈≈≈
≈≈~~~..P##..))..§§.##...~~÷~≈≈≈≈
≈≈≈~~~.P....P...@......~~~~≈≈≈≈≈
≈≈≈≈~~c.........)....<~~~~≈≈≈≈≈≈
≈≈≈≈≈~~~~~~~~~~~~~~~~~~~~≈≈≈≈≈≈≈
≈≈≈≈≈≈≈≈≈≈≈≈≈≈≈≈≈≈≈≈≈≈≈≈≈≈≈≈≈≈≈≈
≈≈≈≈≈≈≈≈≈≈≈≈≈≈≈≈≈≈≈≈≈≈≈≈≈≈≈≈≈≈≈≈
≈≈≈≈≈≈≈≈≈≈≈≈≈≈≈≈≈≈≈≈≈≈≈≈≈≈≈≈≈≈≈≈
≈≈≈≈≈≈≈≈≈≈≈≈≈≈≈≈≈≈≈≈≈≈≈≈≈≈≈≈≈≈≈≈
≈≈≈≈≈≈≈≈≈≈≈≈≈≈≈≈≈≈≈≈≈≈≈≈≈≈≈≈≈≈≈≈
≈≈≈≈≈≈≈≈≈≈≈≈≈≈≈≈≈≈≈≈≈≈≈≈≈≈≈≈≈≈≈≈


You could see an alligator snapping turtle.

Vanquished Creatures
  Saint Roka (Orc:2)
  Jorgrun (Orc:2)
  Rupert (Orc:2)
  Polyphemus (Shoals:3)
  Frances (D:14)
  2 krakens
  Nessos (Lair:4)
  Azrael (Orc:2)
  4 minotaurs
  A minotaur (shapeshifter) (D:11)
  Snorg (D:13)
  3 merfolk impalers
  3 merfolk javelineers
  A fire dragon (D:11)
  4 vault guards (D:14)
  6 catoblepae
  7 hydras
  An ogre mage (D:15)
  A jorogumo (shapeshifter) (D:14)
  5 merfolk avatars
  7 two-headed ogres
  6 merfolk aquamancers
  3 boulder beetles
  7 centaur warriors
  13 death yaks
  9 satyrs
  3 orc high priests (Orc:2)
  Amaemon (D:8)
  7 sea snakes
  8 skysharks
  9 skeletal warriors
  7 orc knights
  2 deep elf pyromancers (Orc:1)
  2 wolf spiders (D:15)
  2 cyclopes (shapeshifter)
  27 ugly things
  17 harpies
  4 orc sorcerers
  19 manticores
  21 fauns
  A salamander (D:15)
  14 cyclopes
  8 merfolk sirens
  3 water nymphs
  5 elephants
  12 cane toads
  A torpor snail (Lair:5)
  8 black mambas
  7 orange demons
  2 kobold demonologists
  2 gargoyles
  A black mamba (shapeshifter) (D:13)
  2 unseen horrors (D:11)
  13 komodo dragons
  5 rime drakes
  A yaktaur (D:14)
  3 efreet (D:15)
  4 red devils (D:13)
  A tengu conjurer (D:14)
  8 trolls
  A troll (shapeshifter) (D:14)
  9 polar bears (Lair:5)
  24 merfolk
  3 meliai (Shoals:2)
  6 wind drakes
  A hornet (Lair:3)
  14 snapping turtles
  21 dream sheep
  9 blink frogs
  A wind drake (shapeshifter) (D:14)
  A shadow (D:11)
  9 flying skulls (Gauntlet)
  A ynoxinul (Gauntlet)
  14 slime creatures
  A vampire (D:12)
  19 water elementals
  A human (D:14)
  6 wraiths
  46 yaks
  6 wyverns
  A fire elemental (Orc:2)
  A basilisk (shapeshifter) (D:14)
  12 basilisks
  A steam dragon (Lair:3)
  2 vampire mosquitoes (D:13)
  8 wargs
  6 acid dragons
  22 water moccasins
  18 hell hounds
  Pargi (Sewer)
  36 orc warriors
  13 black bears
  An ice beast (D:6)
  A hornet zombie (Ossuary)
  2 swamp drakes
  8 ogres
  2 centaurs
  28 wolves
  3 kobold brigands
  Blork the orc (D:5)
  A gnoll sergeant (D:10)
  12 bullfrogs
  A scorpion (D:5)
  4 water moccasin zombies (Ossuary)
  A wyvern zombie (Ossuary)
  9 wights
  15 killer bees
  A howler monkey (D:5)
  6 electric eels
  A crimson imp (Orc:1)
  2 centaur zombies (Ossuary)
  2 lava snakes (Lair:5)
  5 bullfrog zombies (Ossuary)
  5 jellies
  5 hounds
  23 orc priests
  A gnoll bouda (D:5)
  5 iron imps
  A sleepcap (D:6)
  Crazy Yiuf (D:7)
  Jessica (D:2)
  2 iguanas (D:5)
  32 orc wizards
  3 hell rats (Lair:4)
  A statue (D:6)
  14 mummies (Ossuary)
  2 howler monkey zombies (Ossuary)
  13 gnolls
  10 adders
  A shadow imp (Orc:1)
  A white imp (Orc:1)
  An ufetubus (D:6)
  4 worms
  3 dart slugs
  98 orcs
  A bat zombie (D:9)
  6 endoplasms
  3 giant cockroaches (D:3)
  6 goblins
  4 hobgoblins
  6 quokkas
  11 ball pythons
  3 bats
  4 frilled lizards
  15 kobolds
  9 rats
  2 rat zombies (D:9)
  A foxfire (D:11)
  2 tentacles
1041 creatures vanquished.

Vanquished Creatures (collateral kills)
  A black bear (Lair:5)
  2 killer bees (D:9)
  A worm (D:3)
  A frilled lizard (Sewer)
  5 foxfires
10 creatures vanquished.

Vanquished Creatures (others)
  An orc warrior (D:9)
  A sky beast (D:6)
  A killer bee (D:9)
  An orc wizard (D:8)
  An orc (Orc:2)
  996 foxfires
  10 tentacles
1011 creatures vanquished.

Grand Total: 2062 creatures vanquished

Notes
Turn   | Place    | Note
-------+----------+-------------------------------------------
     0 | D:1      | pokeman the Deep Elf Hedge Wizard began the quest for the
                  | Orb.
     0 | D:1      | Reached XP level 1. HP: 10/10 MP: 7/7
   460 | D:1      | Reached XP level 2. HP: 3/16 MP: 1/9
   883 | D:2      | Reached skill level 5 in Spellcasting
   883 | D:2      | Reached XP level 3. HP: 20/20 MP: 5/11
   887 | D:2      | Learned a level 3 spell: Mephitic Cloud
   890 | D:2      | Learned a level 2 spell: Call Imp
   893 | D:2      | Learned a level 2 spell: Blink
  1044 | D:2      | Noticed Jessica
  1049 | D:2      | Killed Jessica
  1050 | D:2      | Reached skill level 1 in Fighting
  1050 | D:2      | Reached skill level 1 in Armour
  1261 | D:2      | Reached XP level 4. HP: 25/25 MP: 9/13
  1426 | D:2      | Found an iron altar of Okawaru.
  1493 | D:2      | Found a faded altar of an unknown god.
  2204 | D:3      | Found a glowing drain.
  2219 | Sewer    | Entered a sewer
  2291 | Sewer    | Noticed Pargi
  2299 | Sewer    | Killed Pargi
  2300 | Sewer    | Reached skill level 6 in Spellcasting
  2300 | Sewer    | Reached XP level 5. HP: 29/29 MP: 9/15
  3867 | D:4      | Reached skill level 1 in Poison Magic
  3867 | D:4      | Reached XP level 6. HP: 31/34 MP: 9/17
  3970 | D:4      | Found Lotuych's General Store.
  3976 | D:4      | Bought 3 scrolls of identify for 84 gold pieces
  3976 | D:4      | Bought a scroll of teleportation for 42 gold pieces
  4410 | D:4      | Reached skill level 1 in Air Magic
  4416 | D:4      | Reached skill level 1 in Evocations
  4559 | D:4      | Found a staircase to the Ecumenical Temple.
  4568 | Temple   | Entered the Ecumenical Temple
  4850 | D:4      | Learned a level 5 spell: Freezing Cloud
  4927 | D:5      | Entered Level 5 of the Dungeon
  4943 | D:5      | Noticed Blork the orc
  4959 | D:5      | Reached skill level 7 in Spellcasting
  4961 | D:5      | Killed Blork the orc
  4962 | D:5      | Reached skill level 1 in Ice Magic
  5472 | D:5      | Reached XP level 7. HP: 39/39 MP: 14/20
  5978 | D:6      | Reached skill level 8 in Spellcasting
  6142 | D:6      | Found a radiant altar of Vehumet.
  6155 | D:6      | Became a worshipper of Vehumet
  6445 | D:5      | Reached XP level 8. HP: 27/44 MP: 11/22
  6553 | D:5      | Reached skill level 9 in Spellcasting
  6989 | D:6      | Reached * piety under Vehumet
  6989 | D:6      | Offered knowledge of Foxfire by Vehumet.
  6990 | D:6      | Reached skill level 5 in Conjurations
  6992 | D:6      | Learned a level 1 spell: Foxfire
  7113 | D:6      | Found a blossoming altar of Fedhas.
  7407 | D:6      | Reached skill level 1 in Fire Magic
  7410 | D:6      | Reached skill level 10 in Spellcasting
  7510 | D:6      | Noticed a slime creature
  7522 | D:6      | Killed a slime creature
  7910 | D:7      | Found a sand-covered staircase.
  7914 | Ossuary  | Entered an ossuary
  8060 | Ossuary  | Reached XP level 9. HP: 48/48 MP: 18/25
  8326 | Ossuary  | Reached skill level 11 in Spellcasting
  8456 | Ossuary  | Reached ** piety under Vehumet
  8456 | Ossuary  | Offered knowledge of Freeze by Vehumet.
  8745 | D:7      | Reached skill level 5 in Ice Magic
  9206 | D:7      | Found a runed translucent door.
  9207 | D:7      | Noticed Crazy Yiuf
  9325 | D:7      | Killed Crazy Yiuf
  9481 | D:8      | Noticed an orange demon
  9481 | D:8      | Noticed Amaemon
  9759 | D:8      | Killed Amaemon
  9760 | D:8      | Reached skill level 12 in Spellcasting
  9765 | D:8      | Killed an orange demon
  9766 | D:8      | Reached XP level 10. HP: 56/56 MP: 17/28
  9863 | D:8      | Found a staircase to the Lair.
 10070 | D:8      | Found a sparkling altar of Nemelex Xobeh.
 10752 | D:9      | Offered knowledge of Volatile Blastmotes by Vehumet.
 10933 | D:9      | Reached *** piety under Vehumet
 11111 | D:9      | Offered knowledge of Flame Wave by Vehumet.
 11196 | D:9      | Found a runed translucent door.
 11197 | D:9      | Noticed ragingrage's ghost (novice TrTm)
 11260 | D:9      | Found an ancient bone altar of Kikubaaqudgha.
 11458 | D:10     | Entered Level 10 of the Dungeon
 11493 | D:10     | Reached skill level 13 in Spellcasting
 11493 | D:10     | Reached skill level 5 in Fire Magic
 12347 | D:10     | Reached skill level 1 in Earth Magic
 12729 | D:11     | Found a gate leading to a gauntlet.
 12741 | Gauntlet | Entered a Gauntlet
 12741 | Gauntlet | Found a transporter.
 12751 | Gauntlet | Found a transporter.
 12751 | Gauntlet | Found a transporter.
 12753 | Gauntlet | Found a transporter.
 12765 | Gauntlet | Noticed a necromancer
 12770 | Gauntlet | Found a transporter.
 12784 | Gauntlet | Found a transporter.
 12787 | Gauntlet | Noticed a death scarab
 12788 | Gauntlet | Noticed a spectral death yak
 12790 | Gauntlet | Noticed a spectral six-headed hydra
 12792 | Gauntlet | Found a transporter.
 12813 | Gauntlet | Found a transporter.
 12823 | Gauntlet | Noticed a death scarab
 12827 | Gauntlet | Found a transporter.
 12843 | Gauntlet | Noticed a death yak
 12844 | Gauntlet | Noticed a death yak
 12844 | Gauntlet | Noticed a death yak
 12844 | Gauntlet | Noticed a death yak
 12845 | Gauntlet | Found a transporter.
 12845 | Gauntlet | Noticed a death yak
 12845 | Gauntlet | Noticed a death yak
 12850 | Gauntlet | Noticed a torpor snail
 12867 | Gauntlet | Noticed a ghost crab
 12881 | Gauntlet | Found a transporter.
 12890 | Gauntlet | Found a transporter.
 12893 | Gauntlet | Noticed a spectral centaur warrior
 12895 | Gauntlet | Found a transporter.
 12895 | Gauntlet | Found a transporter.
 12895 | Gauntlet | Noticed a death drake
 12897 | Gauntlet | Found a transporter.
 12916 | Gauntlet | Found a transporter.
 12921 | Gauntlet | Found a transporter.
 12970 | Gauntlet | Found a transporter.
 13023 | Gauntlet | Learned a level 5 spell: Irradiate
 13025 | Gauntlet | Reached **** piety under Vehumet
 13060 | Gauntlet | Offered knowledge of Dazzling Flash by Vehumet.
 13138 | Gauntlet | Reached XP level 11. HP: 45/62 MP: 20/30
 13232 | Gauntlet | Identified the amulet of Ijyos {Spirit +Blink rPois rN+}
 13261 | Gauntlet | Reached skill level 14 in Spellcasting
 13291 | Gauntlet | Identified the amulet "Povon" {rPois Regen+}
 13324 | Gauntlet | Noticed a minotaur
 13346 | Gauntlet | Killed a minotaur
 13423 | Gauntlet | Identified the +0 triple sword "Ciompimi" {freeze, rPois
                  | Will+}
 13541 | D:11     | Noticed a boulder beetle
 13549 | D:11     | Killed a boulder beetle
 13660 | D:11     | Found a portal to a secret trove of treasure.
 14079 | D:11     | HP: 2/62 [cloud of freezing vapour (26)]
 14221 | D:11     | Reached ***** piety under Vehumet
 14221 | D:11     | Offered knowledge of Leda's Unmaking by Vehumet.
 14260 | D:11     | Learned a level 6 spell: Leda's Unmaking
 14398 | D:11     | Noticed a minotaur
 14436 | D:11     | Reached skill level 15 in Spellcasting
 14464 | D:11     | Noticed a sun demon
 14494 | D:11     | Killed a minotaur
 14731 | D:11     | Noticed a centaur warrior
 14790 | D:11     | Killed a centaur warrior
 14791 | D:11     | Reached XP level 12. HP: 59/67 MP: 27/33
 14870 | D:11     | Noticed a fire dragon
 14870 | D:11     | Noticed a two-headed ogre
 14892 | D:11     | Killed a two-headed ogre
 14957 | D:11     | Killed a fire dragon
 14958 | D:11     | Reached skill level 5 in Armour
 15164 | D:11     | Noticed a two-headed ogre
 15177 | D:11     | Killed a two-headed ogre
 15178 | D:11     | Reached skill level 16 in Spellcasting
 15231 | D:11     | Found a staircase to the Orcish Mines.
 15681 | D:12     | Noticed a two-headed ogre
 15688 | D:12     | Killed a two-headed ogre
 15962 | D:12     | Reached skill level 5 in Fighting
 16079 | D:12     | Reached skill level 10 in Conjurations
 16592 | D:13     | Identified the +2 ring mail of Keng {Will+ SInv}
 16622 | D:13     | Noticed a centaur warrior
 16638 | D:13     | Killed a centaur warrior
 16714 | D:13     | Noticed a centaur warrior
 16725 | D:13     | Killed a centaur warrior
 16759 | D:13     | Reached skill level 17 in Spellcasting
 16794 | D:13     | Noticed a catoblepas
 16802 | D:13     | Killed a catoblepas
 16885 | D:13     | Noticed Snorg
 16901 | D:13     | Killed Snorg
 16951 | D:13     | Reached skill level 5 in Earth Magic
 17074 | D:13     | Reached XP level 13. HP: 73/73 MP: 15/36
 18128 | D:14     | Reached skill level 18 in Spellcasting
 18193 | D:14     | Offered knowledge of Spellforged Servitor by Vehumet.
 18217 | D:14     | Noticed Frances
 18655 | Lair:1   | Entered Level 1 of the Lair of Beasts
 19650 | Lair:1   | Identified a scroll of acquirement
 19966 | Lair:1   | Acquired 590 gold pieces
 19971 | Lair:2   | Reached XP level 14. HP: 80/80 MP: 32/38
 20087 | Lair:2   | Reached skill level 19 in Spellcasting
 20087 | Lair:2   | Reached skill level 10 in Fire Magic
 20375 | Lair:2   | Found a hole to the Spider Nest.
 21205 | Lair:3   | Found a staircase to the Shoals.
 22495 | Lair:4   | Got the Grimoire of Tephra
 22502 | Lair:4   | Learned a level 5 spell: Lee's Rapid Deconstruction
 22619 | Lair:4   | Offered knowledge of Ozocubu's Refrigeration by Vehumet.
 22775 | Lair:4   | Reached skill level 20 in Spellcasting
 22827 | Lair:4   | Noticed Nessos
 22833 | Lair:4   | Killed Nessos
 23461 | Lair:5   | Entered Level 5 of the Lair of Beasts
 23545 | Lair:5   | Found a staircase to the Slime Pits.
 23897 | Lair:5   | Reached XP level 15. HP: 84/84 MP: 14/41
 24320 | Lair:5   | Reached ****** piety under Vehumet
 24325 | Lair:5   | Offered knowledge of Fireball by Vehumet.
 24380 | Lair:5   | Learned a level 5 spell: Fireball
 24675 | Lair:5   | Identified the +3 chain mail of Jigsaw {Rampage SInv}
 24859 | Lair:5   | Reached skill level 21 in Spellcasting
 25779 | Orc:1    | Entered Level 1 of the Orcish Mines
 25779 | Orc:1    | Found Tyr Muj's Armour Shop.
 25795 | Orc:1    | Found Ryhuish's Antique Weapon Shoppe.
 25804 | Orc:1    | Found Yttoanunk's Antique Weapon Shop.
 25910 | Orc:1    | Found Piwnem's Distillery.
 25915 | Orc:1    | Offered knowledge of Plasma Beam by Vehumet.
 25923 | Orc:1    | Learned a level 6 spell: Plasma Beam
 26243 | Orc:1    | Bought a potion of magic for 136 gold pieces
 26243 | Orc:1    | Bought 2 potions of heal wounds for 170 gold pieces
 26243 | Orc:1    | Bought a potion of curing for 51 gold pieces
 26243 | Orc:1    | Bought a potion of curing for 51 gold pieces
 26319 | Orc:1    | Found Liesit's Weapon Boutique.
 26354 | Orc:1    | Found Week's General Store.
 26359 | Orc:1    | Found Vueblut's Specific Store.
 26708 | Orc:1    | Identified the -2 hat of the Dozen Shrikes {Str+7 Int-3
                  | Stlth+}
 26780 | Orc:2    | Entered Level 2 of the Orcish Mines
 26780 | Orc:2    | Found a staircase to the Elven Halls.
 26786 | Orc:2    | Noticed Rupert
 26940 | Orc:2    | Noticed Jorgrun
 26950 | Orc:2    | Killed Jorgrun
 27116 | Orc:2    | Noticed Azrael
 27272 | Orc:2    | Killed Rupert
 27430 | Orc:2    | Killed Azrael
 27444 | Orc:2    | Noticed Saint Roka
 27614 | Orc:2    | Offered knowledge of Starburst by Vehumet.
 27621 | Orc:2    | Killed Saint Roka
 28083 | Orc:2    | Found Enuem's Jewellery Boutique.
 28083 | Orc:2    | Found Feffyrie's Antique Armour Emporium.
 28085 | Orc:2    | Found Lugiecei's Jewellery Boutique.
 28085 | Orc:2    | Found Ojidyuf's Antique Weapon Emporium.
 28596 | D:14     | Killed Frances
 28739 | D:14     | Reached skill level 10 in Earth Magic
 29087 | D:14     | Reached skill level 22 in Spellcasting
 29190 | D:14     | Noticed an emperor scorpion
 29212 | D:14     | an emperor scorpion changed into a jorogumo
 29362 | D:14     | Reached XP level 16. HP: 92/92 MP: 33/44
 29463 | D:14     | Found a burning altar of Makhleb.
 29563 | D:14     | Found a gate to the Vaults.
 29960 | D:15     | Entered Level 15 of the Dungeon
 30146 | D:15     | Found Vuutut Xoymn's Antique Weapon Boutique.
 30627 | D:15     | Offered knowledge of Ignition by Vehumet.
 30640 | D:15     | Learned a level 8 spell: Ignition
 31193 | D:15     | Found a staircase to the Depths.
 31675 | D:15     | Identified the +9 great sword "Corifur" {flame, rElec Str-4
                  | Dex+4 SInv}
 31988 | Shoals:1 | Entered Level 1 of the Shoals
 32636 | Shoals:1 | Found a transporter.
 32642 | Shoals:1 | Found a bloodstained altar of Trog.
 32652 | Shoals:1 | Found Rouwneto's General Store.
 32748 | Shoals:1 | Found a transporter.
 32761 | Shoals:1 | Noticed pokeman's ghost (journeyman DEHW)
 32787 | Shoals:1 | Found Hehorol's Jewellery Boutique.
 32916 | Shoals:1 | Noticed a kraken
 32924 | Shoals:1 | Killed a kraken
 33278 | Shoals:2 | Noticed a kraken
 33283 | Shoals:2 | Killed a kraken
 33284 | Shoals:2 | Reached skill level 23 in Spellcasting
 33359 | Shoals:2 | Identified the +9 whip "Ultimatum" {heavy, rC+ Will+}
 33759 | Shoals:2 | Identified the +3 arbalest of Doubt {flame, rC- Will+
                  | Str+4}
 34163 | Shoals:2 | Found a hide-covered altar of Uskayaw.
 34650 | Shoals:2 | Reached XP level 17. HP: 97/97 MP: 31/46
 34760 | Shoals:2 | Identified the +6 chain mail of a Gauntlet {Stlth+}
 35290 | Shoals:3 | Offered knowledge of Fire Storm by Vehumet.
 35290 | Shoals:3 | Offered knowledge of Shatter by Vehumet.
 35290 | Shoals:3 | Offered knowledge of Polar Vortex by Vehumet.
 36237 | Shoals:3 | Noticed Polyphemus
 36261 | Shoals:3 | Killed Polyphemus
 36593 | Shoals:3 | Reached skill level 24 in Spellcasting
 37029 | Shoals:4 | Entered Level 4 of the Shoals
 37755 | Shoals:4 | Reached skill level 15 in Conjurations
 38873 | Shoals:4 | Mangled by an alligator snapping turtle

Illustrated notes

Levels and vault maps discovered:
D:1:      psy_arrival_statuary, layout_basic
D:2:      layout_loops_ring, shapermc_ecumenical_altar_gd, basic_altar,
          kennysheep_small_spiral, uniq_jessica
D:3:      layout_loops_ring, portal_sewer_entry_f, st_stairs_14,
          amcnicky_mini_rare_corridor_liquid, dreamdust_mushroom_princess,
          grunt_decor_clamped
D:4:      layout_basic, minmay_temple_entry_statues_pillars, serial_shops,
          nicolae_shop_rolling_square
D:5:      layout_basic, uniq_blork_the_orc
D:6:      layout_cave_pools, fedhas_bush_and_centaur_altar, vehumet_statue,
          minmay_three_doors
D:7:      layout_loops_ring, enter_ossuary_5, uniq_crazy_yiuf_cottage
D:8:      layout_basic, nemelex_spade_bored_becter, lair_entry_dummy,
          uniq_amaemon
D:9:      layout_roguey, lemuel_zombie_altar_kikubaaqudgha,
          ebering_ghost_inner_flame
D:10:     layout_gridville, hangedman_abyss_or_decor_stagger,
          minmay_fractal_squares_diagonal_5
D:11:     nzn_winding_woodlands_medium [nzn_winding_woodlands_5x5_default,
          nzn_winding_woodlands_5x15_pool, nzn_winding_woodlands_5x5_three,
          nzn_winding_woodlands_5x5_checkerboard,
          nzn_winding_woodlands_center_lodge, nzn_winding_woodlands_5x5_default,
          nzn_winding_woodlands_5x5_perimeter,
          nzn_winding_woodlands_5x15_garden, nzn_winding_woodlands_hourglass],
          layout_stronghold, erik_orc_1, gauntlet_entry_generic,
          nicolae_trove_entry_free_sample
D:12:     layout_irregular_city
D:13:     layout_loops_corners, minmay_beelzebubs_servants, uniq_snorg
D:14:     layout_cave_pools, grunt_vaults_entry_fortified, bloody_makhleb,
          ebering_dispersal_statue_hall, chequers_hall_statues_corner_a,
          uniq_frances
D:15:     hangedman_depths_entry_try_elsewhere_first, layout_stronghold,
          nrook_mini_backslash, serial_shops, nicolae_shop_tiny_real_fake_doors,
          kennysheep_inner_square
Temple:   hc_temple_tempest_star
Lair:1:   layout_regular_city, nzn_random_ring, lemuel_fruit_tree,
          serial_bayou_shore_a
Lair:2:   layout_roguey, spider_nest_entry_web_field, disabler_island
Lair:3:   beast_lair_carwin_large_3, layout_regular_city,
          minmay_shoals_entry_hut
Lair:4:   layout_gridlike, special_room [special_room_mythical_zoo], uniq_nessos
Lair:5:   hangedman_lair_caniforms_friends, layout_hall_layers, slime_entry_1,
          minivault_19, nicolae_lair_liquid_snakes
Shoals:1: cheibrodos_shoals_baths, layout_shoals, serial_shops, shop,
          gammafunk_ghost_wrathful_warriors, nicolae_shoals_c_island
Shoals:2: layout_shoals, regret_index_shoals_crete
Shoals:3: nzn_motion_control, layout_shoals, nicolae_shoals_circle_sea_wall,
          nicolae_shoals_gull_way, uniq_polyphemus
Shoals:4: shoals_end_hellmonk_lost_city
Orc:1:    nicolae_orc_accident_2, layout_diamond_mine, serial_shops, shop, shop,
          nicolae_shop_bloodbath_and_beyond, nicolae_shop_dealshenge,
          nicolae_shop_getting_attention, nicolae_specific_store,
          hangedman_minor_magic
Orc:2:    grunt_orc_tribal_feast, layout_caves, basic_altar, uniq_rupert,
          uniq_jorgrun, uniq_saint_roka, uniq_azrael

Skill      XL: |  1  2  3  4  5  6  7  8  9 10 11 12 13 14 15 16 17 |
---------------+----------------------------------------------------+-----
Spellcasting   | 5 6 7 8 10 12 13 15 17 18 20 22 23 24 | 24.8
Fighting       | 1 2 3 4 5 6 7 8 |  8.0
Armour         | 1 3 4 5 6 7 8 |  8.9
Conjurations   | 2 3 4 5 6 8 9 10 11 12 13 14 15 | 15.3
Dodging        | 3 |  3.1
Stealth        | 3 |  3.2
Poison Magic   | 1 |  1.0
Air Magic      | 1 |  1.0
Evocations     | 1 |  1.0
Ice Magic      | 1 2 4 5 6 8 |  8.0
Fire Magic     | 2 4 5 7 8 9 11 12 13 14 | 14.2
Earth Magic    | 1 2 5 7 8 10 11 12 | 12.0
Summonings     | |  1.1
Translocations | |  1.1

Action                     |  1- 3 |  4- 6 |  7- 9 | 10-12 | 13-15 | 16-18 || total
---------------------------+-------+-------+-------+-------+-------+-------++-------
  Melee: Dagger            |     5 |    24 |    14 |       |       |       ||    43
         Punch             |       |     2 |     2 |     4 |     5 |       ||    13
         Flail             |       |       |    73 |       |       |       ||    73
         Demon whip        |       |       |       |   158 |   280 |    19 ||   457
         Great sword       |       |       |       |       |       |     3 ||     3
   Cast: Magic Dart        |    57 |   173 |   134 |    21 |    15 |     2 ||   402
         Call Imp          |     1 |     3 |     7 |     1 |     2 |       ||    14
         Mephitic Cloud    |       |     4 |    19 |    34 |    20 |     7 ||    84
         Blink             |       |     1 |     4 |     3 |     3 |     2 ||    13
         Foxfire           |       |       |   211 |   207 |   133 |       ||   551
         Freezing Cloud    |       |       |       |    65 |   171 |     5 ||   241
         Irradiate         |       |       |       |    18 |    24 |       ||    42
         Leda's Unmaking   |       |       |       |     2 |    58 |    11 ||    71
         Fireball          |       |       |       |       |   151 |   434 ||   585
  Evoke: Wand              |       |       |       |       |     4 |     3 ||     7
    Use: Scroll            |       |       |     9 |     6 |     6 |     2 ||    23
         Potion            |       |       |       |       |       |     1 ||     1
   Stab: Confused          |       |     2 |     9 |    16 |     5 |     2 ||    34
         Distracted        |       |       |     1 |       |     1 |       ||     2
         Sleeping          |       |       |       |       |     1 |       ||     1
 Armour: Robe              |       |    18 |    45 |     5 |       |       ||    68
         Troll leather arm |       |       |       |    70 |   109 |       ||   179
         Ring mail         |       |       |       |       |    50 |    36 ||    86
  Dodge: Dodged            |     6 |    86 |   231 |   218 |   318 |    57 ||   916
         Repelled          |       |       |       |       |       |     1 ||     1
  Block: Other             |       |       |       |       |       |     5 ||     5
         Reflection        |       |       |       |       |       |     3 ||     3

Table legend: (Time is in decaauts)
 A = Elapsed time spent in this place.
 B = Non-inter-level travel time spent in this place.
 C = Inter-level travel time spent in this place.
 D = Time resting spent in this place.
 E = Time spent auto-exploring this place.
 F = Levels seen in this place.
 G = Mean time per level.
                   A        B        C        D        E       F      G
               +--------+--------+--------+--------+--------+-----+--------+
         Total |  39090 |  36647 |   2443 |   3436 |  26716 |  30 | 1303.0 |
       Dungeon |  20407 |  18504 |   1903 |   1007 |  14434 |  15 | 1360.5 |
        Temple |    305 |    290 |     15 |      0 |    211 |   1 |  305.0 |
          Lair |   7161 |   6846 |    315 |    493 |   5105 |   5 | 1432.2 |
        Shoals |   6649 |   6581 |     68 |   1098 |   4628 |   4 | 1662.2 |
  Orcish Mines |   2740 |   2599 |    141 |    553 |   1571 |   2 | 1370.0 |
         Sewer |    305 |    305 |      0 |      0 |    246 |   1 |  305.0 |
       Ossuary |    778 |    778 |      0 |    164 |    368 |   1 |  778.0 |
      Gauntlet |    742 |    742 |      0 |    121 |    152 |   1 |  742.0 |
               +--------+--------+--------+--------+--------+-----+--------+

Top non-repeatable levels by time:
Shoals:3: 2665 daAuts
    D:13: 2131 daAuts
    D:11: 1961 daAuts
  Lair:5: 1957 daAuts
    D:15: 1823 daAuts
   Orc:1: 1730 daAuts
     D:5: 1607 daAuts
Shoals:2: 1599 daAuts
  Lair:3: 1584 daAuts
    D:14: 1399 daAuts
  Lair:1: 1369 daAuts
     D:6: 1350 daAuts
     D:2: 1293 daAuts
    D:10: 1268 daAuts
     D:8: 1216 daAuts
